 Dungeon Crawl Stone Soup version 0.29.0-4-gdea44cf6ec (webtiles) character file.

Game seed: 15748051271849709565

57956 freelancePsychic the Frost Mage (level 14, -5/115 (120) HPs)
             Began as a Demonspawn Wanderer on Aug 27, 2022.
             Was a Priest of Ashenzari.
             Shot with a bolt by an orc knight (29 damage)
             ... on level 2 of the Orcish Mines.
             The game lasted 00:50:58 (30264 turns).

freelancePsychic the Frost Mage (DsWn)             Turns: 30264, Time: 00:50:59

HP:   -5/115 (120)  AC:  4    Str: 10    XL:     14   Next: 47%
MP:   9/28          EV: 15    Int: 25    God:    Ashenzari [***...]
Gold: 1288          SH:  8    Dex: 17    Spells: 18/34 levels left

rFire   + . .      SeeInvis +   p - +6 short sword "Soothsayer of Ashenzari" {speed, Dex+4, Range, Elem} (curse)
rCold   . . .      Faith    .   d - +2 buckler "I Foresaw This" {Bglg, Elem} (curse)
rNeg    . . .      Spirit   .   q - +1 robe of the Shackled Sage {rF+, Evo, Alch} (curse)
rPois   +          Reflect  .   (helmet restricted)
rElec   .          Harm     .   g - +0 cloak "Thunder Perfect Mind" {Melee, Bglg} (curse)
rCorr   .          Rampage  .   (no gloves)
Will    +....      Clarity  +   (no boots)
Stlth   +++.......              (no amulet)
HPRegen 0.29/turn               y - ring "Loss of Ashenzari" {rPois, Self, Elem} (curse)
MPRegen 0.21/turn               (no ring)

@: lightly drained
A: antennae 2, spiny 1, big brain 2, demonic magic 2
a: Renounce Religion, Curse Item, Shatter the Chains


You were on level 2 of the Orcish Mines.
You worshipped Ashenzari.
Ashenzari was most pleased with you.
You visited 3 branches of the dungeon, and saw 18 of its levels.
You also visited: Sewer and Ice Cave.

You collected 2033 gold pieces.
You spent 745 gold pieces at shops.

Inventory:

Hand Weapons
 a - a +0 dagger
 p - the cursed +6 short sword "Soothsayer of Ashenzari" (weapon) {speed, Dex+4, Range, Elem}
   (You found it on level 3 of the Dungeon)

   Attacks with this weapon are significantly faster.
   Dex:       It affects your dexterity (+4).
   It has a curse which improves the following skills: Ranged Combat: Ranged
   Weapons and Throwing.
   Elements:  Fire Magic, Ice Magic, Air Magic and Earth Magic.
Missiles
 z - 4 throwing nets
Armour
 d - the cursed +2 buckler "I Foresaw This" (worn) {Bglg, Elem}

   It has a curse which improves the following skills: Beguiling: Conjurations,
   Hexes and Translocations.
   Elements:  Fire Magic, Ice Magic, Air Magic and Earth Magic.
 g - the cursed +0 cloak "Thunder Perfect Mind" (worn) {Melee, Bglg}
   (You found it on level 8 of the Dungeon)

   It has a curse which improves the following skills: Melee Combat: Short
   Blades, Long Blades, Axes, Maces & Flails, Polearms, Staves and Unarmed
   Combat.
   Beguiling: Conjurations, Hexes and Translocations.
 q - the cursed +1 robe of the Shackled Sage (worn) {rF+, Evo, Alch}
   (You took it off Sigmund on level 6 of the Dungeon)

   It has a curse which improves the following skills: Evocations: Evocations.
   Alchemy:   Poison Magic and Transmutations.
 B - a +0 troll leather armour
 I - the +3 cloak of the Barracuda {Rampage Str+4 Stlth+}
   (You found it on level 5 of the Lair of Beasts)

   Str:       It affects your strength (+4).
   Rampage:   It bestows one free step when moving towards enemies.
   Stlth:     It makes you more stealthy.
Jewellery
 r - a ring of ice
 y - the cursed ring "Loss of Ashenzari" (left hand) {rPois, Self, Elem}
   (You found it on level 11 of the Dungeon)

   [ring of poison resistance]

   rPois:     It protects you from poison.
   It has a curse which improves the following skills: Introspection: Fighting
   and Spellcasting.
   Elements:  Fire Magic, Ice Magic, Air Magic and Earth Magic.
 J - a +6 ring of strength
Wands
 c - a wand of polymorph (8)
 h - a wand of acid (6)
 u - a wand of charming (14)
 v - a wand of mindburst (3)
 D - a wand of digging (4)
 H - a wand of flame (11)
Scrolls
 b - 2 scrolls of blinking
 i - 2 scrolls of magic mapping
 l - 2 scrolls of immolation
 o - a scroll of brand weapon
 w - 2 scrolls of enchant armour
 A - 2 scrolls of fog
 E - 2 scrolls of poison
 F - 2 scrolls of silence
 G - a scroll of amnesia
Potions
 e - 3 potions of magic
 f - 4 potions of mutation
 j - 2 potions of invisibility
 k - 3 potions of flight
 m - 4 potions of might
 n - 6 potions of brilliance
 s - 4 potions of degeneration
 t - 8 potions of curing {@q1}
 x - 2 potions of cancellation
 C - a potion of heal wounds {@q2}


   Skills:
 + Level 12.4(14.0) Fighting
 - Level 8.0(9.6) Short Blades
 - Level 1.0(1.9) Throwing
 + Level 6.6 Dodging
 + Level 6.6 Stealth
 - Level 5.0 Shields
 + Level 8.9(10.6) Spellcasting
 - Level 1.5(3.2) Hexes
 - Level 14.0(17.1) Ice Magic
 - Level 2.6(5.2) Air Magic
 - Level 1.0(2.0) Evocations


You had 18 spell levels left.
You knew the following spells:

 Your Spells              Type           Power      Damage    Failure   Level
a - Ensorcelled Hibernat  Hex/Ice        100%       N/A       1%          2
b - Frozen Ramparts       Ice            100%       1d16      0%          3
c - Ozocubu's Armour      Ice            78%        N/A       0%          3
d - Freeze                Ice            100%       1d11      0%          1
e - Ozocubu's Refrigerat  Ice            39%        4d16      4%          7

Your spell library contained the following spells:

 Spells                   Type           Power      Damage    Failure   Level
 Slow                     Hex            100%       N/A       1%          1
 Hailstorm                Conj/Ice       54%        3d12      1%          4
 Ice Form                 Ice/Tmut       54%        N/A       1%          4
 Summon Ice Beast         Ice/Summ       54%        N/A       1%          4
 Static Discharge         Conj/Air       27%        3-7/arc   2%          2
 Poisonous Vapours        Pois/Air       52%        N/A       3%          2
 Confusing Touch          Hex            29%        N/A       4%          3
 Beastly Appendage        Tmut           28%        N/A       5%          1
 Wereblood                Tmut           14%        N/A       9%          2
 Gell's Gravitas          Tloc           14%        N/A       16%         3
 Lesser Beckoning         Tloc           14%        N/A       16%         3
 Spider Form              Tmut/Pois      14%        N/A       16%         3
 Teleport Other           Tloc           14%        N/A       16%         3
 Vampiric Draining        Necr           13%        2d6       19%         3
 Simulacrum               Ice/Necr       27%        N/A       26%         6
 Corpse Rot               Necr/Pois/Air  22%        N/A       28%         4
 Dispel Undead            Necr           13%        3d9       52%         4
 Summon Mana Viper        Hex/Summ       21%        N/A       63%         5
 Summon Forest            Summ/Tloc      7%         N/A       83%         5
 Death Channel            Necr           6%         N/A       100%        6
 Statue Form              Tmut/Erth      9%         N/A       100%        6
 Summon Cactus Giant      Summ           6%         N/A       100%        6


Dungeon Overview and Level Annotations

Branches:
Dungeon (11/15)            Temple (0/1) D:6            Lair (5/5) D:8
 Shoals (0/4) Lair:2       Spider (0/4) Lair:2        Slime (0/5) Lair:4
    Orc (2/2) D:10            Elf (0/3) Orc:2         Sewer (visited)
  IceCv (visited)

Altars:
Ashenzari
Fedhas
Kikubaaqudgha
Nemelex Xobeh
Okawaru
Qazlal
Vehumet
Wu Jian
Xom
Jiyva

Shops:
Orc:2 ![[

Annotations:
D:2 Jessica
D:7 Joseph
D:9 2 transporters
D:10 Nergalle, Urug
Lair:5 4 runed translucent doors, Thalamas's ghost, journeyman MiBe
Orc:2 2 runed translucent doors, exclusion: orange crystal statue


Innate Abilities, Weirdness & Mutations

You have a pair of antennae on your head.
You are partially covered in sharp spines.
You have an extremely huge brain. (Int +4)
Spells you cast may paralyse nearby enemies.


Message History

4 large rocks; a cyclops corpse
Things that are here:
a +0 dagger; a +2 robe of willpower; an orc skeleton
There is an open door, spattered with blood here.
Items here: )) [ ÷÷.
Things that are here:
a +2 great sword; a +0 plate armour; an orc skeleton
There is an open door here.
You open the large door.
An orc knight and 2 orc sorcerers come into view.
An orc sorcerer is wielding a +0 dagger and wearing a +1 robe of the Archmagi.
The orc sorcerer shouts!
The orc sorcerer gestures at you while chanting.
The bolt of negative energy hits you!!
You feel drained.
* * * LOW HITPOINT WARNING * * *
The orc sorcerer gestures at you while chanting.
The bolt of fire hits you! You resist.
* * * LOW HITPOINT WARNING * * *
Found Awneath's Distillery.
Blink to where?
Press: ? - help, Dir - move target
As you read the scroll of blinking, it crumbles to dust.
Blink to where?
Press: ? - help, Dir - move target An orc knight comes into view.
It is wielding a +0 battleaxe.
As you read the scroll of blinking, it crumbles to dust.
The orc knight shouts!
An orc knight comes into view. It is wielding a +0 great mace.
An orc priest comes into view. It is wielding a +0 short sword.
An orc comes into view. It is wielding a +0 mace.
The orc moves out of view.
The orc shouts!
You hear a shout! x2
A saltling comes into view.
The orc knight roars a battlecry!
The orc goes into a battle-frenzy!
A saltling comes into view.
The orc knight unwields a +0 great mace.
The orc knight wields a +0 arbalest.
The orc knight shoots a bolt.
The bolt hits you!!
You die...

...............###.###.....#.....
..............##.....#.#...#.#...
............##..........#.#....#.
..........#.............#.....#..
.................#.#.....#..#..o.
.....#....#....#...#....#.##.##.
.........#....##..#....#.....#.
.......................∩.....#.
....#.........@........∩#..#.##
........8.#.........#..#....#
...... ##.....#..#.#....#. * ,, ,
, ,, #....#......8#.., ..... ,
...........o8o.... ......
..........8.o.∩.... ......#
##...##....99..#.. ....... ,....
.........., ......#.. ,


You could see an orc knight, 2 saltlings and an orc (strong).

Vanquished Creatures
  An orc warlord (Orc:2)
  Harold (Lair:2)
  5 hydras
  A boulder beetle (Lair:3)
  A two-headed ogre (Orc:2)
  A death yak (Lair:3)
  An orc high priest (Orc:2)
  Sonja (Lair:3)
  A deep troll (Lair:2)
  3 orc knights (Orc:2)
  3 lindwurms (Lair:5)
  A manticore (Lair:2)
  3 orc sorcerers (Orc:2)
  A cyclops (Orc:2)
  An elephant (Lair:4)
  5 black mambas
  5 torpor snails (Lair:5)
  5 rime drakes
  An unseen horror (D:11)
  A demonic crawler (Lair:2)
  5 cane toads
  10 komodo dragons
  5 trolls
  3 tyrant leeches (Lair:5)
  A wind drake (Lair:2)
  12 polar bears
  Grinder (D:5)
  5 saltlings (Orc:2)
  7 hornets (Lair:5)
  13 blink frogs
  3 raiju (Lair:5)
  Sigmund (D:6)
  3 shadows
  13 wyverns
  47 yaks
  9 basilisks
  A wraith (D:10)
  A steam dragon (D:6)
  10 wargs
  14 hell hounds (Lair:5)
  7 water moccasins
  24 orc warriors
  2 ice beasts
  A sky beast (D:8)
  12 black bears
  7 ogres
  2 centaurs
  54 wolves
  9 bullfrogs
  3 gnoll sergeants
  5 scorpions
  14 wights
  10 killer bees (D:7)
  An electric eel (Lair:5)
  3 hounds
  2 gnoll boudas
  14 orc priests
  15 orc wizards
  6 hell rats (Lair:4)
  29 gnolls
  A river rat (Sewer)
  17 adders
  5 worms
  2 dart slugs
  69 orcs
  7 endoplasms
  6 giant cockroaches (D:4)
  8 goblins
  6 hobgoblins
  9 quokkas
  9 ball pythons
  5 bats
  8 frilled lizards
  3 kobolds
  8 rats
  A spectral hobgoblin (D:1)
  3 butterflies (Lair:4)
  3 pillars of salt (Orc:2)
596 creatures vanquished.

Vanquished Creatures (others)
  A bush (Lair:4)
  63 fungi
  12 pillars of salt (Orc:2)
  80 plants
156 creatures vanquished.

Grand Total: 752 creatures vanquished

Notes
Turn   | Place    | Note
-------+----------+-------------------------------------------
     0 | D:1      | freelancePsychic the Demonspawn Wanderer began the quest
                  | for the Orb.
     0 | D:1      | freelancePsychic set off with the following items: a +0
                  | dagger, a scroll of blinking, a +0 robe, a +0 buckler; and
                  | the following spell memorised: Freeze; and the following
                  | spells available to memorise: Poisonous Vapours, Static
                  | Discharge, Ensorcelled Hibernation, Ozocubu's Armour.
     0 | D:1      | Reached XP level 1. HP: 13/13 MP: 2/2
   430 | D:1      | Reached skill level 2 in Ice Magic
   674 | D:1      | Gained mutation: You have an unusually large brain. (Int
                  | +2) [demonic ancestry]
   674 | D:1      | Reached XP level 2. HP: 20/20 MP: 0/3
   677 | D:1      | Learned a level 2 spell: Ensorcelled Hibernation
   875 | D:1      | Found a faded altar of an unknown god.
  1295 | D:2      | Reached skill level 1 in Fighting
  1295 | D:2      | Reached skill level 1 in Hexes
  1542 | D:2      | Gained mutation: You have an extremely huge brain. (Int +4)
                  | [demonic ancestry]
  1542 | D:2      | Reached XP level 3. HP: 8/26 MP: 0/4
  1980 | D:2      | Noticed Jessica
  2938 | D:3      | Identified the +6 short sword of the Lurker {speed, Dex+4}
  2991 | D:3      | Gained mutation: You have a pair of small antennae on your
                  | head. [demonic ancestry]
  2991 | D:3      | Reached XP level 4. HP: 28/32 MP: 2/5
  3059 | D:3      | Noticed an ogre
  3083 | D:3      | Reached skill level 3 in Ice Magic
  3683 | D:3      | Learned a level 3 spell: Frozen Ramparts
  3691 | D:3      | Reached XP level 5. HP: 27/38 MP: 3/7
  3852 | D:4      | Noticed an ogre
  4140 | D:4      | Reached skill level 4 in Ice Magic
  4180 | D:4      | Found a glowing drain.
  4202 | Sewer    | Entered a sewer
  4335 | Sewer    | Reached XP level 6. HP: 45/46 MP: 9/9
  4343 | Sewer    | Learned a level 3 spell: Ozocubu's Armour
  5121 | D:4      | Found an iron altar of Okawaru.
  5182 | D:4      | Found a sparkling altar of Nemelex Xobeh.
  5269 | D:4      | Found an ancient bone altar of Kikubaaqudgha.
  5750 | D:4      | Found an ornate altar of the Wu Jian Council.
  5752 | D:4      | Found a broken altar of Ashenzari.
  5752 | D:4      | Found a stormy altar of Qazlal.
  5860 | D:4      | Became a worshipper of Ashenzari the Shackled
  5951 | D:4      | Reached skill level 5 in Ice Magic
  5951 | D:4      | Reached XP level 7. HP: 52/52 MP: 1/11
  6130 | D:5      | Entered Level 5 of the Dungeon
  6539 | D:5      | Noticed Grinder
  6592 | D:5      | Paralysed by Grinder for 5 turns
  6599 | D:5      | Killed Grinder
  6805 | D:5      | Reached skill level 6 in Ice Magic
  7047 | D:5      | Reached skill level 5 in Fighting
  7047 | D:5      | Reached skill level 1 in Stealth
  7047 | D:5      | Gained mutation: You are partially covered in sharp spines.
                  | [demonic ancestry]
  7047 | D:5      | Reached XP level 8. HP: 62/62 MP: 5/12
  7464 | D:6      | Found a shimmering altar of Xom.
  7560 | D:6      | Noticed Sigmund
  7569 | D:6      | Killed Sigmund
  7570 | D:6      | Reached skill level 1 in Short Blades
  7619 | D:6      | Identified a scroll of acquirement
  7619 | D:6      | Acquired the Almanac of Rime and Reformation
  7777 | D:6      | Reached * piety under Ashenzari
  7799 | D:6      | Found a blossoming altar of Fedhas.
  8111 | D:6      | Found a staircase to the Ecumenical Temple.
  8269 | D:7      | Reached ** piety under Ashenzari
  8299 | D:7      | Noticed Joseph
  8653 | D:7      | Reached skill level 7 in Ice Magic
  8860 | D:7      | Noticed Joseph
  8860 | D:7      | Joseph changed into Joseph the wind drake
  9210 | D:7      | Reached XP level 9. HP: 69/69 MP: 6/13
 10356 | D:8      | Reached skill level 8 in Ice Magic
 11000 | D:8      | Found a radiant altar of Vehumet.
 11152 | D:8      | Found a staircase to the Lair.
 11216 | D:9      | Noticed a troll
 11225 | D:9      | Killed a troll
 11736 | D:9      | Found a transporter.
 11803 | D:9      | Noticed a kobold demonologist
 11804 | D:9      | Noticed a kobold demonologist
 11804 | D:9      | Noticed a fire crab
 11805 | D:9      | Noticed a kobold demonologist
 11816 | D:9      | Reached skill level 5 in Stealth
 12240 | D:9      | Noticed a kobold demonologist
 12283 | D:9      | Found a transporter.
 12290 | D:9      | Noticed a kobold demonologist
 12291 | D:9      | Noticed a deep elf knight
 12364 | D:9      | Gained mutation: You have a pair of antennae on your head.
                  | [demonic ancestry]
 12364 | D:9      | Reached XP level 10. HP: 79/79 MP: 7/14
 12836 | D:10     | Entered Level 10 of the Dungeon
 12885 | D:10     | Reached skill level 9 in Ice Magic
 12930 | D:10     | Noticed Urug
 13124 | D:10     | Found a staircase to the Orcish Mines.
 13699 | D:10     | Noticed Nergalle
 13934 | D:11     | Reached skill level 5 in Short Blades
 14034 | D:11     | Learned a level 7 spell: Ozocubu's Refrigeration
 14304 | D:11     | Found a sparkling altar of Nemelex Xobeh.
 15050 | D:11     | Reached *** piety under Ashenzari
 15100 | D:11     | Reached skill level 10 in Ice Magic
 15188 | D:11     | Noticed a six-headed hydra
 15383 | Lair:1   | Entered Level 1 of the Lair of Beasts
 15610 | Lair:1   | Found a frozen archway.
 15614 | IceCv    | Entered an ice cave
 15739 | Lair:1   | Gained mutation: Spells you cast may paralyse adjacent
                  | enemies. [demonic ancestry]
 15739 | Lair:1   | Reached XP level 11. HP: 71/90 MP: 13/20
 15742 | Lair:1   | Noticed an eight-headed hydra
 15749 | Lair:1   | Reached skill level 5 in Spellcasting
 15769 | Lair:1   | Killed an eight-headed hydra
 16172 | Lair:1   | Reached skill level 11 in Ice Magic
 17515 | Lair:2   | Noticed Harold
 17522 | Lair:2   | Killed Harold
 17645 | Lair:2   | Found a staircase to the Shoals.
 18065 | Lair:2   | Reached XP level 12. HP: 79/100 MP: 16/23
 18271 | Lair:2   | Reached skill level 12 in Ice Magic
 18412 | Lair:2   | Found a hole to the Spider Nest.
 19201 | Lair:3   | Reached skill level 10 in Fighting
 19278 | Lair:3   | Noticed a seven-headed hydra
 19281 | Lair:3   | Killed a seven-headed hydra
 19295 | Lair:3   | Noticed Sonja
 19400 | Lair:3   | Killed Sonja
 20125 | Lair:3   | Noticed a boulder beetle
 20136 | Lair:3   | Killed a boulder beetle
 20228 | Lair:3   | Noticed a death yak
 20229 | Lair:3   | Noticed a death yak
 20244 | Lair:3   | Killed a death yak
 20245 | Lair:3   | Reached skill level 13 in Ice Magic
 22047 | Lair:4   | Found a staircase to the Slime Pits.
 22443 | Lair:4   | Gained mutation: Spells you cast may paralyse nearby
                  | enemies. [demonic ancestry]
 22443 | Lair:4   | Reached XP level 13. HP: 108/108 MP: 3/25
 23958 | Lair:5   | Entered Level 5 of the Lair of Beasts
 24058 | Lair:5   | Found a runed translucent gate.
 24058 | Lair:5   | Found a runed translucent gate.
 24059 | Lair:5   | Found a runed translucent gate.
 24059 | Lair:5   | Noticed an azure jelly
 24060 | Lair:5   | Noticed an acid blob
 24060 | Lair:5   | Noticed an acid blob
 24060 | Lair:5   | Noticed Thalamas's ghost (journeyman MiBe)
 24060 | Lair:5   | Noticed an acid blob
 24060 | Lair:5   | Noticed an azure jelly
 24061 | Lair:5   | Noticed an acid blob
 24061 | Lair:5   | Noticed an azure jelly
 24061 | Lair:5   | Noticed a quicksilver ooze
 24061 | Lair:5   | Noticed an azure jelly
 24743 | Lair:5   | Reached skill level 14 in Ice Magic
 25583 | Lair:5   | Reached skill level 5 in Dodging
 25609 | Lair:5   | Reached skill level 5 in Shields
 25739 | Lair:5   | Identified the +3 cloak of the Barracuda {Rampage Str+4
                  | Stlth+}
 26135 | Lair:5   | Found a runed translucent door.
 26391 | Lair:5   | Reached XP level 14. HP: 111/118 MP: 5/27
 27251 | Lair:5   | Noticed an azure jelly
 27255 | Lair:5   | Noticed an acid blob
 27367 | Lair:5   | Found a viscous altar of Jiyva.
 27582 | Orc:1    | Entered Level 1 of the Orcish Mines
 28539 | Orc:2    | Entered Level 2 of the Orcish Mines
 28548 | Orc:2    | Noticed an orc warlord
 28804 | Orc:2    | Killed an orc warlord
 29112 | Orc:2    | Found a runed translucent door.
 29133 | Orc:2    | Found a runed translucent door.
 29341 | Orc:2    | Found the +10 tower shield of Ignorance {rN+ Int-4}
 29356 | Orc:2    | Found a staircase to the Elven Halls.
 29939 | Orc:2    | Found Kefymorch's Antique Armour Shop.
 30103 | Orc:2    | Found Beskores's Antique Armour Shop.
 30115 | Orc:2    | Bought an ichor-stained troll leather armour for 580 gold
                  | pieces
 30115 | Orc:2    | Identified the +2 troll leather armour of Vifuthra {rElec
                  | Will+ Regen+ Dex-5} (You bought it in a shop on level 2 of
                  | the Orcish Mines)
 30118 | Orc:2    | Bought a tattered robe for 165 gold pieces
 30118 | Orc:2    | Identified the +1 robe of Rycs {rPois Will- Int+4} (You
                  | bought it in a shop on level 2 of the Orcish Mines)
 30248 | Orc:2    | Found Awneath's Distillery.
 30264 | Orc:2    | Shot with a bolt by an orc knight

Illustrated notes

Levels and vault maps discovered:
D:1:      moated_graveyard_arrival, layout_loops_ring,
          dreamdust_ecumenical_altar_drowned_temple
D:2:      minmay_inner_zag, layout_basic, kennysheep_path_1, uniq_jessica
D:3:      layout_rooms, serial_rivers, chequers_serial_rivers_micro_d,
          chequers_serial_rivers_micro_e, chequers_serial_rivers_micro_e,
          chequers_serial_rivers_micro_d, chequers_serial_rivers_large_a
D:4:      layout_rooms, grunt_temple_overflow_open, okawaru_metal_pillars_3,
          mainiacjoe_overflow_paths, mainiacjoe_overflow_24_doors,
          gup_sewer_entry_pipe
D:5:      layout_gridville, uniq_grinder
D:6:      layout_loops_ring, mainiacjoe_overflow_six_doors_small,
          lemuel_crystal_altar, lemuel_temple_firewalk_b, st_stairs_14,
          uniq_sigmund
D:7:      layout_basic, uniq_joseph
D:8:      layout_basic, mainiacjoe_overflow_catwalk,
          mainiacjoe_overflow_boulevard
D:9:      gammafunk_wand_slinger, layout_loops_cross
D:10:     layout_basic, orc_0_dummy, serial_glass, glass_columns_b,
          glass_columns_b, uniq_urug, uniq_nergalle
D:11:     layout_stronghold, small_chamber_with_monster, nemelex_altar_shiori
Lair:1:   layout_concentric_octagons, portal_ice_cave_entry_pillars_2,
          chequers_serial_rivers_micro_a, grunt_forest_large_clearings,
          lemuel_fruit_tree
Lair:2:   dreamdust_cave_troll, layout_small_grid, minmay_shoals_entry_beasts,
          nicolae_spider_entry_non_spiders, uniq_harold
Lair:3:   layout_cave_pods, uniq_sonja
Lair:4:   layout_long_grid, slime_entry_1, special_room
          [special_room_mythical_zoo], lemuel_fruit_fields
Lair:5:   hangedman_lair_caniforms_friends, layout_cave_pods, wormcave,
          gammafunk_ghost_ooze, grunt_megastairs_3, infiniplex_staircase_pool
Orc:1:    layout_caves, minmay_orc_keep
Orc:2:    hellmonk_orc_salted, layout_caves, basic_altar,
          chequers_guarded_unrand_ignorance

Skill      XL: |  1  2  3  4  5  6  7  8  9 10 11 12 13 14 |
---------------+-------------------------------------------+-----
Ice Magic      | 2 3 4 5 6 7 8 10 11 13 14 | 14.0
Fighting       | 1 2 3 5 6 7 8 9 10 11 12 | 12.4
Hexes          | 1 |  1.5
Spellcasting   | 2 3 4 6 8 |  8.9
Stealth        | 1 3 5 6 |  6.6
Short Blades   | 2 4 5 7 8 |  8.0
Dodging        | 2 5 6 |  6.6
Shields        | 2 5 |  5.0
Throwing       | |  1.0
Air Magic      | |  2.6
Evocations     | |  1.0

Action                   |  1- 3 |  4- 6 |  7- 9 | 10-12 | 13-15 || total
-------------------------+-------+-------+-------+-------+-------++-------
Melee: Dagger            |    59 |       |       |       |       ||    59
       Short sword       |     2 |    91 |   186 |   297 |   283 ||   859
 Cast: Freeze            |    55 |    61 |       |    38 |       ||   154
       Ensorcelled Hiber |     1 |     4 |     1 |    22 |       ||    28
       Frozen Ramparts   |       |    14 |    38 |    38 |    33 ||   123
       Ozocubu's Armour  |       |     2 |    27 |    35 |    23 ||    87
       Ozocubu's Refrige |       |       |       |    45 |   105 ||   150
Invok: Curse Item        |       |       |     3 |     2 |       ||     5
Evoke: Wand              |       |       |     3 |       |       ||     3
  Use: Potion            |     3 |     1 |     1 |     3 |       ||     8
       Scroll            |     1 |     9 |     4 |     4 |     6 ||    24
 Stab: Sleeping          |     1 |     1 |     2 |     8 |     3 ||    15
       Distracted        |       |       |       |     2 |       ||     2
       Paralysed         |       |       |       |    32 |    38 ||    70
Armor: Skin              |     5 |       |       |       |       ||     5
       Robe              |    28 |    22 |    62 |    48 |    44 ||   204
Dodge: Dodged            |    53 |    69 |    75 |   124 |   106 ||   427
Block: Buckler           |    11 |    25 |    49 |    78 |    77 ||   240
